 Dungeon Crawl Stone Soup version 0.20-a0-1124-g2e29d97 (webtiles) character file.

14 poirepourri the Shield-Bearer (level 2, -6/27 HPs)
             Began as a Minotaur Fighter on May 16, 2017.
             Engulfed by a cloud of flame (28 damage)
             ... on level 1 of the Dungeon.
             The game lasted 00:00:44 (619 turns).

poirepourri the Shield-Bearer (Minotaur Fighter)     Turns: 619, Time: 00:00:45

Health: -6/27      AC:  8    Str: 20    XL:     2   Next: 31%
Magic:  1/1        EV:  7    Int:  5    God:
Gold:   17         SH:  9    Dex:  9    Spells: 1/1 levels left

rFire    . . .     SeeInvis .   a - +0 war axe
rCold    . . .     Gourm    .   c - +0 shield
rNeg     . . .     Faith    .   b - +0 scale mail
rPois    .         Spirit   .   (helmet restricted)
rElec    .         Reflect  .   (no cloak)
rCorr    .         Harm     .   (no gloves)
MR       .....                  e - +0 pair of boots
Stlth    ..........             (no amulet)
Regen    0.1/turn               (no ring)
MPRegen  0.1/turn               (no ring)

@: no status effects
A: retaliatory headbutt, horns 2
a: no special abilities


You were on level 1 of the Dungeon.
You were not hungry.

You visited 1 branch of the dungeon, and saw 2 of its levels.

You collected 17 gold pieces.

Inventory:

Hand Weapons
 a - a +0 war axe (weapon)
Armour
 b - a +0 scale mail (worn)
 c - a +0 shield (worn)
 e - a +0 pair of boots (worn)
Potions
 d - a potion of might
Comestibles
 f - a bread ration
 g - 2 meat rations


   Skills:
 + Level 3.9 Fighting
 + Level 2.7 Axes
 - Level 3.6 Armour
 + Level 0.4 Dodging
 + Level 4.1 Shields


You had one spell level left.
You didn't know any spells.

Dungeon Overview and Level Annotations

Branches:
Dungeon (2/15)

Altars:
Qazlal


Innate Abilities, Weirdness & Mutations

You reflexively headbutt those who attack you in melee.
You have a pair of horns on your head.


Message History

A kobold is nearby!
As you read the scroll labeled OVVUCI QUPLATEHUOH, it crumbles to dust.
The creatures around you are filled with an inner flame!
It was a scroll of immolation.
The kobold throws a stone.
You block the stone.
As you read the scroll labeled RUTSUA LEHAOKH, it crumbles to dust.
You feel aware of your surroundings.
It was a scroll of magic mapping.
The kobold throws a stone.
The stone barely misses you.
The kobold throws a stone.
You block the stone.
You see here a stone.
The kobold throws a stone.
You block the stone.
You closely miss the kobold.
You headbutt the kobold, but do no damage.
The kobold hits you. You block the kobold's attack.
You closely miss the kobold. Your headbutt misses the kobold.
The kobold hits you but does no damage.
You slash the kobold!
The kobold explodes!
The fiery explosion engulfs you!
You are engulfed in blazing flames.
Ouch! That really hurt!
You die...

****### ********
,,,,..#####,,,,..#
****#.#...#,***#.# #.#.#.#,* #.#
#####.#.#.#,* #.# *********
......#.#.#,# #.# *,,,,,,,,
######†...#.# #.# *,*******
.#####....#.####.## *,*,,,,,,
.....#....#....§@§#### #.#,*****
####.#..)...#........# #.#,*,,,,
.....#..........(....# #.#,*,**,
###..#...............# #.#,*,**,
.....#..........(....# #.#,*,***
....##.......#.#.....# #.#,*,*
........####.#.#.########.#,*,***
.........................>#,,,,,,
...)#.#.####.#.######.###########


There were no monsters in sight!

Vanquished Creatures
  A dart slug (D:1)
  A leopard gecko (D:1)
  A giant cockroach (D:1)
  2 hobgoblins
  2 bats (D:1)
  2 frilled lizards
  2 kobolds (D:1)
  A rat (D:2)
12 creatures vanquished.

Vanquished Creatures (others)
  4 toadstools (D:1)
4 creatures vanquished.

Grand Total: 16 creatures vanquished

Notes
Turn   | Place    | Note
-------+----------+-------------------------------------------
     0 | D:1      | poirepourri the Minotaur Fighter began the quest for the Orb.
     0 | D:1      | Reached XP level 1. HP: 19/19 MP: 0/0
   153 | D:1      | Reached XP level 2. HP: 16/27 MP: 1/1
   483 | D:1      | You fall through a shaft!
   483 | D:2      | Found a stormy altar of Qazlal.
   562 | D:2      | Reached skill level 4 in Shields
   619 | D:1      | Engulfed by a cloud of flame

Vault maps used:
D:1:      ldierk_walled_garden_2
D:2:      overflow_temple_1_default

Skill      XL: |  1  2 |
---------------+-------+-----
Shields        | 4 |  4.1
Fighting       | |  3.9
Axes           | |  2.7
Armour         | |  3.6
Dodging        | |  0.4

Action                   || total
-------------------------++-------
Melee: War axe           ||    25
       Headbutt          ||     5
  Use: Scroll            ||     5
Armor: Scale mail        ||    25
Dodge: Dodged            ||    10
Block: Shield            ||    27
